 Dungeon Crawl Stone Soup version 0.29-a0-352-g0917bc69df (webtiles) character file.

Game seed: 13681814318980636017

1066 101zpm the Gusty (level 8, 0/55 (58) HPs)
             Began as a Gnoll Air Elementalist on Apr 24, 2022.
             Slain by a wight
             ... wielding a +1 dagger of venom
              (1 damage)
             ... on level 5 of the Dungeon.
             The game lasted 00:22:09 (7324 turns).

101zpm the Gusty (Gnoll Air Elementalist)           Turns: 7324, Time: 00:22:09

HP:   0/55 (58)     AC:  2    Str:  8    XL:     8   Next: 28%
MP:   6/16          EV: 14    Int: 16    God:
Gold: 410           SH:  0    Dex: 13    Spells: 3/18 levels left

rFire   . . .      SeeInvis .   n - +0 trident (vamp)
rCold   . . .      Faith    .   (no shield)
rNeg    + . .      Spirit   .   a - +0 robe
rPois   .          Reflect  .   (no helmet)
rElec   .          Harm     .   u - scarf {shadows}
rCorr   .          Rampage  .   (no gloves)
Will    .....                   (no boots)
Stlth   +++.......              (no amulet)
HPRegen 0.18/turn               d - ring of positive energy
MPRegen 0.15/turn               (no ring)

@: lethally poisoned (0 -> -17), drained
A: fangs 1, strong nose, distributed training
a: no special abilities


You were on level 5 of the Dungeon.
You visited 1 branch of the dungeon, and saw 7 of its levels.

You collected 410 gold pieces.

Inventory:

Hand Weapons
 n - a +0 vampiric trident (weapon)
 q - a +1 mace of protection
 r - a +2 dagger of venom
 x - a +4 falchion
Missiles
 v - a throwing net
Armour
 a - a +0 robe (worn)
 u - a scarf of shadows (worn)
Jewellery
 d - a ring of positive energy (left hand)
 t - a ring of resist corrosion
Wands
 s - a wand of polymorph (5)
 D - a wand of acid (4)
Scrolls
 c - 2 scrolls of magic mapping {unknown}
 e - 3 scrolls of fear {unknown}
 f - 3 scrolls of enchant armour {unknown}
 g - a scroll of teleportation {unknown}
 j - 7 scrolls of identify {unknown}
 l - 3 scrolls of noise {unknown}
 m - 2 scrolls of vulnerability {unknown}
 y - a scroll of holy word {unknown}
Potions
 b - a potion of magic
 h - 2 potions of mutation {unknown}
 i - a potion of lignification {unknown}
 k - a potion of might {unknown}
 o - a potion of attraction {unknown}
 p - a potion of berserk rage {unknown}
 w - 2 potions of ambrosia {unknown}
 z - a potion of cancellation {unknown}
 A - 2 potions of heal wounds {unknown}
 B - a potion of curing {unknown}
 C - a potion of haste {unknown}


   Skills:
 + Level 3.1 Fighting
 + Level 3.1 Short Blades
 + Level 3.1 Long Blades
 + Level 3.1 Axes
 + Level 3.1 Maces & Flails
 + Level 3.1 Polearms
 + Level 3.1 Staves
 + Level 3.1 Slings
 + Level 3.1 Bows
 + Level 3.1 Crossbows
 + Level 3.1 Throwing
 + Level 3.1 Armour
 + Level 5.6 Dodging
 + Level 5.2 Stealth
 + Level 3.1 Shields
 + Level 3.1 Unarmed Combat
 + Level 5.9 Spellcasting
 + Level 3.3 Conjurations
 + Level 2.5 Hexes
 + Level 2.5 Summonings
 + Level 2.5 Necromancy
 + Level 2.5 Translocations
 + Level 2.5 Transmutations
 + Level 2.5 Fire Magic
 + Level 2.5 Ice Magic
 + Level 6.0 Air Magic
 + Level 2.5 Earth Magic
 + Level 2.5 Poison Magic
 + Level 3.4 Invocations
 + Level 3.1 Evocations


You had 3 spell levels left.
You knew the following spells:

 Your Spells              Type           Power      Damage    Failure   Level
a - Shock                 Conj/Air       76%        1d7       1%          1
b - Static Discharge      Conj/Air       19%        N/A       3%          2
c - Swiftness             Air            24%        N/A       3%          3
d - Airstrike             Air            12%        N/A       11%         4
e - Poisonous Vapours     Pois/Air       36%        N/A       3%          2
f - Teleport Other        Tloc           12%        N/A       14%         3

Your spell library contained the following spells:

 Spells                   Type           Power      Damage    Failure   Level
 Corpse Rot               Necr/Air       36%        N/A       3%          2
 Gell's Gravitas          Tloc           12%        N/A       14%         3
 Summon Lightning Spire   Summ/Air       18%        N/A       24%         4
 Dispersal                Tloc           6%         N/A       100%        6
 Storm Form               Tmut/Air       9%         N/A       100%        7
 Maxwell's Capacitive Co  Air            12%        ∞         100%        8


Dungeon Overview and Level Annotations

Branches:
Dungeon (7/15)
 Temple: D:4-7

Altars:
Uskayaw

Shops:
D:2 (


Innate Abilities, Weirdness & Mutations

You have very sharp teeth.
Your uncanny sense of smell can sniff out nearby items.
Your experience applies equally to all skills.


Message History

Aim: a wight, wielding a +2 dire flail and wearing a +0 robe (empty space bonus: 5/8)
The air twists around and strikes the wight!
The wight is severely damaged.
You feel very sick. The wight completely misses you. The wight misses you.
Aiming: Shock (safe; 1% risk of failure)
Press: ? - help, Q - select action, (/) - cycle Shift-Dir - straight line, f/p - wight
Aim: a wight, wielding a +2 dire flail and wearing a +0 robe (severely damaged, 71% to hit)
The zap hits the wight but does no damage.
The wight is severely damaged.
The zap hits the wight.
The wight is almost destroyed.
You feel very sick. The wight barely misses you.
The wight hits you with a +1 dagger of venom.
You are more poisoned.
Aiming: Shock (safe; 1% risk of failure)
Press: ? - help, Q - select action, (/) - cycle Shift-Dir - straight line, f/p - wight
Aim: a wight, wielding a +2 dire flail and wearing a +0 robe (almost destroyed, 71% to hit)
The zap hits the wight.
You destroy the wight!
You feel very sick.
The wight hits you with a +1 dagger of venom!
You partially resist.
You feel drained.
You are lethally poisoned!
* * * LOW HITPOINT WARNING * * *
You feel very sick.
Casting: Shock (safe; 1% risk of failure)
Confirm with . or Enter, or press ? or * to list all spells.
Aiming: Airstrike (dangerous; 11% risk of failure)
Press: ? - help, Dir - move target, f - wight
Aim: a wight, wielding a +1 dagger of venom and wearing a +0 robe (empty space bonus: 6/8)
The air twists around and strikes the wight.
The wight is moderately damaged.
* * * LOW HITPOINT WARNING * * *
You feel very sick.
The wight hits you with a +1 dagger of venom.
* * * LOW HITPOINT WARNING * * *
You partially resist.
You feel drained.
You die...

..##.........#..#.......#
..###...................#
..##..#.#...#.........###
...#..###.###........##
......##.........#####
...#......##..#..#
...##..#......####
#..#..###..##....#####
##....# ##....#.@#>..#
#.....## #....#..z)..#
.......# #..###......#
.......###....#.....##
#...#...##....###...#
##..#...........#..##
...##....#......##.##
.........##.........##
..#......##.....#....##


You could see a wight.

Vanquished Creatures
  Grinder (D:5)
  A water moccasin (D:6)
  A centaur (D:6)
  A kobold brigand (D:6)
  A phantom (D:4)
  A wight (D:5)
  2 howler monkeys (D:6)
  2 hounds (D:6)
  A gnoll shaman (D:4)
  An orc priest (D:3)
  Terence (D:2)
  2 iguanas (D:6)
  4 adders
  4 gnolls
  A shadow imp (D:6)
  A white imp (D:5)
  2 ufetubi
  4 worms
  A dart slug (D:5)
  26 orcs
  4 endoplasms
  3 giant cockroaches
  6 goblins
  6 hobgoblins
  8 kobolds
  5 ball pythons
  2 bats (D:3)
  3 frilled lizards
  A rat (D:3)
96 creatures vanquished.

Notes
Turn   | Place    | Note
-------+----------+-------------------------------------------
     0 | D:1      | 101zpm the Gnoll Air Elementalist began the quest for the
                  | Orb.
     0 | D:1      | Reached XP level 1. HP: 13/13 MP: 6/6
   113 | D:1      | Reached XP level 2. HP: 18/19 MP: 0/7
   189 | D:1      | Found a faded altar of an unknown god.
   866 | D:2      | Reached XP level 3. HP: 25/25 MP: 3/9
   919 | D:2      | Reached skill level 5 in Spellcasting
   947 | D:2      | Noticed Terence
   982 | D:2      | Killed Terence
   983 | D:2      | Reached skill level 1 in Fighting
   983 | D:2      | Reached skill level 1 in Short Blades
   983 | D:2      | Reached skill level 1 in Long Blades
   983 | D:2      | Reached skill level 1 in Axes
   983 | D:2      | Reached skill level 1 in Maces & Flails
   983 | D:2      | Reached skill level 1 in Polearms
   983 | D:2      | Reached skill level 1 in Staves
   983 | D:2      | Reached skill level 1 in Slings
   983 | D:2      | Reached skill level 1 in Bows
   983 | D:2      | Reached skill level 1 in Crossbows
   983 | D:2      | Reached skill level 1 in Throwing
   983 | D:2      | Reached skill level 1 in Armour
   983 | D:2      | Reached skill level 1 in Shields
   983 | D:2      | Reached skill level 1 in Unarmed Combat
   983 | D:2      | Reached skill level 1 in Invocations
   983 | D:2      | Reached skill level 1 in Evocations
  1289 | D:2      | Reached XP level 4. HP: 16/32 MP: 7/11
  1468 | D:2      | Found Duireerr's Weapon Shoppe.
  2009 | D:3      | Reached skill level 1 in Hexes
  2009 | D:3      | Reached skill level 1 in Summonings
  2009 | D:3      | Reached skill level 1 in Necromancy
  2009 | D:3      | Reached skill level 1 in Translocations
  2009 | D:3      | Reached skill level 1 in Transmutations
  2009 | D:3      | Reached skill level 1 in Fire Magic
  2009 | D:3      | Reached skill level 1 in Ice Magic
  2009 | D:3      | Reached skill level 1 in Earth Magic
  2009 | D:3      | Reached skill level 1 in Poison Magic
  2462 | D:3      | Reached XP level 5. HP: 26/37 MP: 2/12
  2784 | D:4      | Noticed a phantom
  2911 | D:4      | Killed a phantom
  3162 | D:4      | Found a hide-covered altar of Uskayaw.
  3211 | D:4      | Reached XP level 6. HP: 44/44 MP: 7/13
  3866 | D:4      | Reached skill level 5 in Dodging
  4166 | D:5      | Entered Level 5 of the Dungeon
  4177 | D:5      | Noticed a yak
  4215 | D:5      | Noticed Grinder
  4811 | D:5      | Paralysed by Grinder for 6 turns
  5094 | D:4      | Learned a level 2 spell: Static Discharge
  5098 | D:4      | Learned a level 3 spell: Swiftness
  5103 | D:4      | Learned a level 4 spell: Airstrike
  5247 | D:5      | Killed Grinder
  5248 | D:5      | Reached XP level 7. HP: 40/51 MP: 4/15
  5845 | D:6      | Reached skill level 5 in Stealth
  6751 | D:6      | Reached skill level 6 in Air Magic
  6751 | D:6      | Reached XP level 8. HP: 40/58 MP: 6/16
  7011 | D:5      | Noticed a yak
  7012 | D:5      | Noticed a yak
  7311 | D:5      | Learned a level 2 spell: Poisonous Vapours
  7315 | D:5      | Learned a level 3 spell: Teleport Other
  7324 | D:5      | HP: 1/57 [wight/+1 dagger of venom (5)]
  7324 | D:5      | Slain by a wight

Illustrated notes

Levels and vault maps discovered:
D:1:      dpeg_arrival_round_b, layout_basic,
          hellmonk_ecumenical_altar_slurped_away
D:2:      layout_loops_cross, serial_shops, shop, uniq_terence
D:3:      layout_loops_ring, guppyfry_early_orc_mine
D:4:      layout_cave_pools, overflow_temple_1_default, serial_column_ruins,
          column_ruins_hut, column_ruins_columns_straight,
          column_ruins_open_tiny, column_ruins_columns_corner,
          column_ruins_open_small, column_ruins_grid_2, column_ruins_open_tiny
D:5:      layout_cave_pools, gammafunk_ghost_necromancy, serial_column_ruins,
          column_ruins_temple_hut, column_ruins_columns_dead_end,
          column_ruins_grid_1, column_ruins_open_medium, column_ruins_columns_T,
          column_ruins_columns_corner, uniq_grinder
D:6:      layout_basic, skrybe_limestone_x
D:7:      layout_basic, minmay_temple_entry_gardened_gates,
          kennysheep_generic_room_15

Skill      XL: |  1  2  3  4  5  6  7 |
---------------+----------------------+-----
Conjurations   | 2 3 |  3.3
Spellcasting   | 5 |  5.9
Fighting       | 1 2 3 |  3.1
Short Blades   | 1 2 3 |  3.1
Long Blades    | 1 2 3 |  3.1
Axes           | 1 2 3 |  3.1
Maces & Flails | 1 2 3 |  3.1
Polearms       | 1 2 3 |  3.1
Staves         | 1 2 3 |  3.1
Slings         | 1 2 3 |  3.1
Bows           | 1 2 3 |  3.1
Crossbows      | 1 2 3 |  3.1
Throwing       | 1 2 3 |  3.1
Armour         | 1 2 3 |  3.1
Shields        | 1 2 3 |  3.1
Unarmed Combat | 1 2 3 |  3.1
Invocations    | 1 2 3 |  3.4
Evocations     | 1 2 3 |  3.1
Hexes          | 1 2 |  2.5
Summonings     | 1 2 |  2.5
Necromancy     | 1 2 |  2.5
Translocations | 1 2 |  2.5
Transmutations | 1 2 |  2.5
Fire Magic     | 1 2 |  2.5
Ice Magic      | 1 2 |  2.5
Earth Magic    | 1 2 |  2.5
Poison Magic   | 1 2 |  2.5
Dodging        | 5 |  5.6
Stealth        | 5 |  5.2
Air Magic      | 6 |  6.0

Action                   |  1- 3 |  4- 6 |  7- 9 || total
-------------------------+-------+-------+-------++-------
Melee: Trident           |     5 |     8 |    12 ||    25
       Bite              |       |       |     2 ||     2
 Cast: Shock             |    47 |   143 |    40 ||   230
       Airstrike         |       |     2 |    12 ||    14
 Stab: Sleeping          |       |     3 |       ||     3
Armor: Robe              |     1 |     9 |     3 ||    13
Dodge: Dodged            |     9 |    49 |    24 ||    82

Table legend: (Time is in decaauts)
 A = Elapsed time spent in this place.
 B = Non-inter-level travel time spent in this place.
 C = Inter-level travel time spent in this place.
 D = Time resting spent in this place.
 E = Time spent auto-exploring this place.
 F = Levels seen in this place.
 G = Mean time per level.
                   A        B        C        D        E       F      G
               +--------+--------+--------+--------+--------+-----+--------+
         Total |   7345 |   6863 |    482 |   1865 |   4213 |   7 | 1049.3 |
       Dungeon |   7345 |   6863 |    482 |   1865 |   4213 |   7 | 1049.3 |
               +--------+--------+--------+--------+--------+-----+--------+

Top non-repeatable levels by time:
     D:6: 1597 daAuts
     D:4: 1581 daAuts
     D:3: 1343 daAuts
     D:2: 1103 daAuts
     D:5: 971 daAuts
     D:1: 745 daAuts
     D:7: 1 daAuts
